 Dungeon Sprint DCSS version 0.29-a0-653-gd47aff6735 (webtiles) character file.

Game seed: 2658810652289766112

0 purpskrrrp the Shield-Bearer (level 1, -1/18 HPs)
             Began as a Formicid Fighter on June 22, 2022.
             Slain by a river rat (6 damage)
             ... in the Dungeon (Sprint IV: "Fedhas' Mad Dash").
             The game lasted 00:00:16 (26 turns).

purpskrrrp the Shield-Bearer (Formicid Fighter)       Turns: 26, Time: 00:00:16

Health: -1/18      AC:  6    Str: 20    XL:     1   Next: 0%
Magic:  1/1        EV:  9    Int:  7    God:
Gold:   0          SH:  5    Dex: 13    Spells: 0/0 levels left

rFire   . . .      SeeInvis +   a - +0 flail
rCold   . . .      Faith    .   c - +0 buckler
rNeg    . . .      Spirit   .   b - +0 scale mail
rPois   .          Reflect  .   (helmet unavailable)
rElec   .          Harm     .   (no cloak)
rCorr   .          Rampage  .   (no gloves)
Will    .....                   (no boots)
Stlth   ..........              (no amulet)
HPRegen 0.06/turn               (no ring)
MPRegen 0.07/turn               (no ring)

@: no status effects
A: permanent stasis, dig shafts and tunnels, antennae 3, four strong arms
a: Dig


You were in the Dungeon.
You visited 1 branch

Inventory:

Hand Weapons
 a - a +0 flail (weapon)
Armour
 b - a +0 scale mail (worn)
 c - a +0 buckler (worn)
Potions
 d - a potion of might
 e - a potion of curing
 f - a potion of heal wounds
 g - 2 potions of magic


   Skills:
 + Level 3.2 Fighting
 + Level 2.0 Maces & Flails
 + Level 3.2 Armour
 + Level 4.0 Shields


You couldn't memorise any spells.
You didn't know any spells.
Your spell library was empty.

Dungeon Overview and Level Annotations

Branches:
Dungeon (1/1)

Altars:


Innate Abilities, Weirdness & Mutations

You cannot be hasted, slowed, berserked, paralysed or teleported.
You can dig through walls and to a lower floor.
You have a pair of large antennae on your head. (SInv)
Your four strong arms can wield two-handed weapons with a shield.


Message History

The fungus is lightly damaged.
You thump the fungus!
The fungus is lightly damaged.
A nearby fungus withers and dies.
You open the door.
A rat and a river rat come into view.
Found 10 gold pieces.
There is an open door here.
You hit the river rat but do no damage. You hit the river rat.
The river rat is lightly wounded.
The river rat bites you. You block the rat's attack.
You block the river rat's attack.
You closely miss the river rat.
The river rat is lightly wounded.
The river rat bites you. You block the rat's attack.
You barely miss the river rat.
The river rat is lightly wounded.
The river rat bites you. The rat bites you. The rat closely misses you.
The river rat closely misses you.
You sock the river rat!
The river rat is almost dead.
The river rat barely misses you. The rat bites you.
You hit the river rat but do no damage.
The river rat is almost dead.
The river rat bites you but does no damage.
The rat bites you but does no damage.
You hit the river rat but do no damage.
The river rat is almost dead.
The rat barely misses you.
The river rat bites you but does no damage.
The river rat closely misses you. The rat closely misses you.
You barely miss the river rat.
The river rat is almost dead.
You block the river rat's attack. The rat bites you.
* * * LOW HITPOINT WARNING * * *
You barely miss the river rat.
The river rat is almost dead.
The rat closely misses you. The river rat bites you.
You die...

############
#<.rP#.....#
#..@r'.$...+
#PPPP#.....#
############
{{ { {{


You could see a river rat and a rat.

Vanquished Creatures (others)
  2 fungi (D)
2 creatures vanquished.

Notes
Turn   | Place    | Note
-------+----------+-------------------------------------------
     0 | D        | purpskrrrp the Formicid Fighter began the quest for the
                  | Orb.
     0 | D        | Reached XP level 1. HP: 18/18 MP: 1/1
    26 | D        | Slain by a river rat

Illustrated notes

Levels and vault maps discovered:
D:        dungeon_sprint_fedhas [sprint_temple]

Action                   || total
-------------------------++-------
Melee: Flail             ||    18
Armor: Scale mail        ||     3
Dodge: Dodged            ||     7
Block: Buckler           ||     4

Table legend: (Time is in decaauts)
 A = Elapsed time spent in this place.
 B = Non-inter-level travel time spent in this place.
 C = Inter-level travel time spent in this place.
 D = Time resting spent in this place.
 E = Time spent auto-exploring this place.
 F = Levels seen in this place.
 G = Mean time per level.
                   A        B        C        D        E       F      G
               +--------+--------+--------+--------+--------+-----+--------+
         Total |     31 |     31 |      0 |      0 |      0 |   1 |   31.0 |
       Dungeon |     31 |     31 |      0 |      0 |      0 |   1 |   31.0 |
               +--------+--------+--------+--------+--------+-----+--------+

Top non-repeatable levels by time:
       D: 31 daAuts
